AoeStats
← keeperoftheden

Lombardia

507862889Analyzed
2v2 RM · 13d ago on Sep 20, 2026· 53m 22s· 4 players
Game mode
Random Map
Map size
Medium (4 player)
Population
200
Speed
Normal
Resources
Standard
Victory
Conquest
Starting age
Dark Age
Ending age
Imperial Age
RankedLock teamsTeams togetherTeam positionsShared explorationLock speedFull tech treeHidden civsTurbo modeCheats
Victory
Defeat
🇦🇺 Magyars · Australia
1038
+16
🇦🇺 Japanese · Australia
1036
+16
🇦🇷 Franks · Argentina
1029
-16
🇦🇷 Huns · Argentina
1027
-16
Tobianot
10:46 Feudal Age
10:32 Loom
18:07 Castle Age
19:23 Double-Bit Axe
21:52 Horse Collar
23:23 Scale Barding Armor
23:29 Forging
24:13 Fletching
25:48 Bloodlines
30:18 Bodkin Arrow
30:44 Chain Barding Armor
32:47 Gold Mining
33:12 Padded Archer Armor
34:25 Thumb Ring
34:52 Leather Archer Armor
35:33 Husbandry
36:13 Ballistics
41:26 Imperial Age
43:17 Parthian Tactics
45:30 Chemistry
45:06 Light Cavalry
46:00 Heavy Cavalry Archer
47:48 Bracer
50:43 Gold Shaft Mining
50:45 Forging
Larichi
11:40 Feudal Age
10:26 Loom
16:00 Castle Age
15:26 Double-Bit Axe
19:46 Forging
25:07 Husbandry
27:29 Fletching
29:57 Gold Mining
29:58 Stone Mining
31:45 Elite Skirmisher
34:36 Bow Saw
39:21 Imperial Age
37:22 Bodkin Arrow
42:46 Chemistry
44:24 Iron Casting
43:55 Scale Barding Armor
43:12 Cavalier
46:17 Wheelbarrow
45:28 Town Watch
47:42 Town Patrol
47:50 Padded Archer Armor
48:50 Blast Furnace
48:38 Pikeman
52:45 Paladin
keeperoftheden
6:45 Loom
9:31 Feudal Age
10:41 Double-Bit Axe
11:29 Horse Collar
20:03 Castle Age
18:16 Fletching
18:27 Padded Archer Armor
19:41 Gold Mining
20:20 Scale Mail Armor
20:46 Pikeman
23:14 Gold Shaft Mining
23:52 Husbandry
24:55 Bodkin Arrow
25:39 Stone Mining
28:05 Wheelbarrow
29:08 Bow Saw
29:37 Town Watch
30:16 Heavy Plow
32:05 Thumb Ring
34:21 Leather Archer Armor
37:04 Imperial Age
37:44 Ballistics
38:22 Parthian Tactics
38:20 Conscription
38:02 Corvinian Army
39:19 Bracer
39:50 Ring Archer Armor
41:28 Hand Cart
41:39 Town Patrol
42:30 Scale Barding Armor
43:54 Heavy Cavalry Archer
46:02 Chain Barding Armor
45:57 Bloodlines
48:37 Plate Barding Armor
48:57 Crop Rotation
48:31 Elite Magyar Huszar
49:28 Light Cavalry
51:41 Chemistry
50:52 Masonry
51:05 Hussar
53:15 Siege Engineers
53:38 Recurve Bow
gawkydesigns
5:54 Loom
9:19 Feudal Age
16:31 Castle Age
16:00 Fletching
16:10 Double-Bit Axe
27:27 Squires
28:40 Pikeman
28:58 Pikeman
34:48 Horse Collar
39:32 Imperial Age
37:35 Arson
39:56 Bodkin Arrow
40:02 Scale Mail Armor
40:36 Conscription
41:41 Wheelbarrow
42:59 Man-at-Arms
43:27 Gambesons
45:08 Chain Mail Armor
45:04 Forging
44:56 Bracer
44:38 Long Swordsman
45:12 Two-Handed Swordsman
51:48 Hand Cart
Connection lost

Rejoining the realm…

Still unreachable

The connection could not be restored.

Session expired

The server has moved on; the page needs a fresh start.